 Dungeon Crawl Stone Soup version 0.23-a0-435-g79ed067 (webtiles) character file.

684 pmoppi the Charmwright (level 7, -1/56 HPs)
             Began as a Gnoll Skald on Nov 15, 2018.
             Slain by an orc warrior
             ... wielding a cursed -1 hand axe
              (9 damage)
             ... on level 4 of the Dungeon.
             The game lasted 00:09:06 (4240 turns).

pmoppi the Charmwright (Gnoll Skald)                Turns: 4240, Time: 00:09:07

Health: -1/56      AC:  8    Str: 15    XL:     7   Next: 62%
Magic:  4/15       EV: 13    Int: 16    God:
Gold:   213        SH:  0    Dex: 14    Spells: 11/17 levels left

rFire    . . .     SeeInvis .   w - -2 war axe (curse)
rCold    . . .     Gourm    .   (no shield)
rNeg     . . .     Faith    .   k - +0 ring mail
rPois    .         Spirit   .   r - +1 helmet
rElec    .         Reflect  .   (no cloak)
rCorr    .         Harm     .   (no gloves)
MR       .....                  (no boots)
Stlth    +.........             (no amulet)
HPRegen  0.18/turn              (no ring)
MPRegen  0.14/turn              (no ring)

@: infused
A: distributed training, fangs 1, strong nose
a: no special abilities


You were on level 4 of the Dungeon.
You were very hungry.

You visited 1 branch of the dungeon, and saw 5 of its levels.
You also visited: Sewer.

You collected 213 gold pieces.

Inventory:

Hand Weapons
 a - a +0 hand axe
 b - a +3 dagger of venom
 f - a +4 hand axe
 w - a cursed -2 war axe (weapon)
Armour
 h - a +0 leather armour
 i - a +0 shield
 k - a +0 ring mail (worn)
 r - a +1 helmet (worn)
Jewellery
 e - an uncursed amulet of faith
 j - an uncursed ring of magical power {unknown}
 o - a cursed amulet of inaccuracy {unknown}
 t - an uncursed ring of protection from cold {unknown}
 x - an uncursed ring of protection from fire {unknown}
Wands
 q - a wand of iceblast (6)
 s - a wand of acid (5)
 u - a wand of paralysis (10)
Scrolls
 g - 2 scrolls of fear
 m - a scroll of brand weapon {unknown}
 n - 2 scrolls of teleportation
Potions
 c - 7 potions of curing
 l - 2 potions of cancellation {unknown}
 v - a potion of brilliance {unknown}
 z - 3 potions of heal wounds
 A - a potion of flight {unknown}
 B - a potion of agility {unknown}
 C - a potion of might {unknown}
Comestibles
 d - 8 rations


   Skills:
 + Level 5.3 Fighting
 + Level 2.5 Short Blades
 + Level 2.5 Long Blades
 + Level 5.3 Axes
 + Level 2.5 Maces & Flails
 + Level 2.5 Polearms
 + Level 2.5 Staves
 + Level 2.5 Slings
 + Level 2.5 Bows
 + Level 2.5 Crossbows
 + Level 2.5 Throwing
 + Level 3.7 Armour
 + Level 5.3 Dodging
 + Level 2.5 Stealth
 + Level 2.5 Shields
 + Level 2.5 Unarmed Combat
 + Level 5.6 Spellcasting
 + Level 2.1 Conjurations
 + Level 2.1 Hexes
 + Level 5.8 Charms
 + Level 2.1 Summonings
 + Level 2.1 Necromancy
 + Level 2.1 Translocations
 + Level 2.1 Transmutations
 + Level 2.1 Fire Magic
 + Level 2.1 Ice Magic
 + Level 2.1 Air Magic
 + Level 2.1 Earth Magic
 + Level 2.1 Poison Magic
 + Level 2.8 Invocations
 + Level 2.5 Evocations


You had 11 spell levels left.
You knew the following spells:

 Your Spells              Type           Power        Failure   Level  Hunger
a - Infusion              Chrm           ###.         2%          1    None
b - Song of Slaying       Chrm           ###.....     3%          2    #......
c - Regeneration          Chrm/Necr      ###.......   16%         3    ##.....

Your spell library contained the following spells:

 Spells                   Type           Power        Failure   Level  Hunger
 Shroud of Golubria       Chrm/Tloc      ###.......   8%          2    #......
 Spectral Weapon          Hex/Chrm       ###.....     16%         3    ##.....


Dungeon Overview and Level Annotations

Branches:
Dungeon (5/15)
 Temple: D:4-7

Altars:
Ru

Shops:
D:4 [   D:5 (


Innate Abilities, Weirdness & Mutations

Your experience applies equally to all skills.
You have very sharp teeth.
Your uncanny sense of smell can sniff out nearby items.


Message History

The orc warrior hits you but does no damage.
You closely miss the orc warrior.
The orc warrior is lightly wounded.
Your skin stops crawling.
The orc warrior hits you but does no damage.
You barely miss the orc warrior.
The orc warrior is lightly wounded.
The orc warrior hits you with a cursed -1 hand axe!
You completely miss the orc warrior.
You bite the orc warrior, but do no damage.
The orc warrior is lightly wounded.
The orc warrior hits you but does no damage.
You closely miss the orc warrior.
The orc warrior is lightly wounded.
The orc warrior hits you with a cursed -1 hand axe!
* * * LOW HITPOINT WARNING * * *
You closely miss the orc warrior. You bite the orc warrior.
The orc warrior is lightly wounded.
The orc warrior hits you with a cursed -1 hand axe!
You die...

### ### ##########.# #.#####
#..........# #...... #.########.#
#.##### #.# #.# ###.### #
####.########.# #≈≈.§≈# #
#......o@.....# #≈#'#§# #
#########.........)...###≈#∩#≈###
.........................≈#'#≈..>
######...........(...####≈≈.≈≈...
.....................# #.#.#....
.....................####.#.#....
.....................'..#.#.#....
......###.........)..##.#.#.#....
#.......'...................#....


You could see an orc warrior.

Vanquished Creatures
  A steam dragon (D:3)
  An ogre (D:4)
  A centaur (D:5)
  A big kobold (Sewer)
  A howler monkey (D:3)
  3 gnolls (D:3)
  8 adders
  5 river rats (Sewer)
  2 oozes
  An adder skeleton (D:4)
  A worm (D:2)
  A dart slug (D:2)
  3 leopard geckos
  6 orcs
  5 bats
  4 giant cockroaches
  11 goblins
  4 hobgoblins
  8 jackals
  3 quokkas
  6 ball pythons
  5 frilled lizards
  18 kobolds
  A quokka skeleton (D:4)
  25 rats
125 creatures vanquished.

Notes
Turn   | Place    | Note
-------+----------+-------------------------------------------
     0 | D:1      | pmoppi the Gnoll Skald began the quest for the Orb.
     0 | D:1      | Reached XP level 1. HP: 20/20 MP: 6/6
   242 | D:1      | Reached XP level 2. HP: 25/26 MP: 7/7
   246 | D:1      | Learned a level 2 spell: Song of Slaying
   754 | D:2      | Reached skill level 5 in Spellcasting
   754 | D:2      | Reached XP level 3. HP: 28/31 MP: 7/9
   759 | D:2      | Learned a level 3 spell: Regeneration
   823 | D:2      | Found a sacrificial altar of Ru.
   887 | D:2      | Reached skill level 1 in Invocations
   961 | D:2      | Reached skill level 1 in Short Blades
   961 | D:2      | Reached skill level 1 in Long Blades
   961 | D:2      | Reached skill level 1 in Maces & Flails
   961 | D:2      | Reached skill level 1 in Polearms
   961 | D:2      | Reached skill level 1 in Staves
   961 | D:2      | Reached skill level 1 in Slings
   961 | D:2      | Reached skill level 1 in Bows
   961 | D:2      | Reached skill level 1 in Crossbows
   961 | D:2      | Reached skill level 1 in Throwing
   961 | D:2      | Reached skill level 1 in Stealth
   961 | D:2      | Reached skill level 1 in Shields
   961 | D:2      | Reached skill level 1 in Unarmed Combat
   961 | D:2      | Reached skill level 1 in Evocations
   961 | D:2      | Reached XP level 4. HP: 28/38 MP: 8/11
  1511 | D:3      | Reached skill level 1 in Conjurations
  1511 | D:3      | Reached skill level 1 in Hexes
  1511 | D:3      | Reached skill level 1 in Summonings
  1511 | D:3      | Reached skill level 1 in Necromancy
  1511 | D:3      | Reached skill level 1 in Translocations
  1511 | D:3      | Reached skill level 1 in Transmutations
  1511 | D:3      | Reached skill level 1 in Fire Magic
  1511 | D:3      | Reached skill level 1 in Ice Magic
  1511 | D:3      | Reached skill level 1 in Air Magic
  1511 | D:3      | Reached skill level 1 in Earth Magic
  1511 | D:3      | Reached skill level 1 in Poison Magic
  1539 | D:3      | Reached XP level 5. HP: 30/43 MP: 5/12
  1999 | D:3      | Noticed a steam dragon
  2010 | D:3      | Killed a steam dragon
  2010 | D:3      | Reached XP level 6. HP: 10/50 MP: 14/14
  2534 | D:4      | Reached skill level 5 in Fighting
  2534 | D:4      | Reached skill level 5 in Axes
  2534 | D:4      | Reached skill level 5 in Dodging
  2564 | D:4      | Found Ohoimaf's Antique Armour Shoppe.
  2856 | D:4      | Found a glowing drain.
  2862 | Sewer    | Entered a sewer
  2876 | Sewer    | Reached XP level 7. HP: 45/56 MP: 12/15
  3738 | D:5      | Entered Level 5 of the Dungeon
  3923 | D:5      | Found Itoonak's Antique Weapon Shoppe.
  4125 | D:4      | HP: 1/56 [orc warrior/cursed -1 hand axe (12)]
  4240 | D:4      | Slain by an orc warrior

Vault maps used:
D:1:      kennysheep_arrival_forest
D:2:      serial_park_tiny_1, nicolae_ru_the_path_less_chosen
D:4:      first_ration, serial_shops, kennysheep_mini_moat,
          gup_sewer_entry_bubbles
D:5:      serial_shops, nicolae_shop_statue_plus, hangedman_decor_points,
          uniq_crazy_yiuf_cottage
Sewer:    sewer_minmay_treatment

Skill      XL: |  1  2  3  4  5  6  7 |
---------------+----------------------+-----
Spellcasting   | 5 |  5.6
Invocations    | 1 2 |  2.8
Short Blades   | 1 2 |  2.5
Long Blades    | 1 2 |  2.5
Maces & Flails | 1 2 |  2.5
Polearms       | 1 2 |  2.5
Staves         | 1 2 |  2.5
Slings         | 1 2 |  2.5
Bows           | 1 2 |  2.5
Crossbows      | 1 2 |  2.5
Throwing       | 1 2 |  2.5
Stealth        | 1 2 |  2.5
Shields        | 1 2 |  2.5
Unarmed Combat | 1 2 |  2.5
Evocations     | 1 2 |  2.5
Conjurations   | 1 2 |  2.1
Hexes          | 1 2 |  2.1
Summonings     | 1 2 |  2.1
Necromancy     | 1 2 |  2.1
Translocations | 1 2 |  2.1
Transmutations | 1 2 |  2.1
Fire Magic     | 1 2 |  2.1
Ice Magic      | 1 2 |  2.1
Air Magic      | 1 2 |  2.1
Earth Magic    | 1 2 |  2.1
Poison Magic   | 1 2 |  2.1
Armour         | 3 |  3.7
Fighting       | 5 |  5.3
Axes           | 5 |  5.3
Dodging        | 5 |  5.3
Charms         | |  5.8

Action                   |  1- 3 |  4- 6 |  7- 9 || total
-------------------------+-------+-------+-------++-------
Melee: Hand axe          |    32 |       |       ||    32
       Dagger            |    59 |   149 |   107 ||   315
       Bite              |     5 |    16 |    12 ||    33
       War axe           |       |       |    26 ||    26
       Punch             |       |       |     2 ||     2
 Cast: Song of Slaying   |     3 |     6 |     9 ||    18
       Regeneration      |       |     4 |    17 ||    21
       Infusion          |       |     1 |     1 ||     2
  Use: Scroll            |       |       |     9 ||     9
 Stab: Distracted        |       |     1 |       ||     1
       Sleeping          |       |       |     1 ||     1
  Eat: Chunk             |       |     7 |     2 ||     9
       Ration            |       |       |     1 ||     1
Armor: Leather armour    |    11 |       |       ||    11
       Ring mail         |    13 |    37 |    60 ||   110
Dodge: Dodged            |    82 |    88 |   104 ||   274

Table legend:
 A = Non-vault XP
 B = Vault XP
 C = Vault XP percentage of total XP
 D = Non-vault monster count
 E = Vault monster count
 F = Vault count percentage of total count
                 A         B        C        D         E       F
            +---------+---------+-------+---------+---------+-------
      Total |     689 |     289 |  29.6 |      72 |      53 |  42.4
            +---------+---------+-------+---------+---------+-------
        D:1 |      30 |       0 |   0.0 |      17 |       0 |   0.0
        D:2 |      86 |       0 |   0.0 |      24 |       0 |   0.0
        D:3 |     311 |       0 |   0.0 |      21 |       0 |   0.0
        D:4 |     143 |      46 |  24.3 |       6 |       5 |  45.5
        D:5 |     119 |       0 |   0.0 |       4 |       0 |   0.0
      Sewer |       0 |     243 | 100.0 |       0 |      48 | 100.0
            +---------+---------+-------+---------+---------+-------
